 Dungeon Crawl Stone Soup version 0.27-a0-1147-gb3d8e82157 (webtiles) character file.

Game seed: 4608697384932672907

753 voltaire321 the Sneak (level 8, -6/46 HPs)
             Began as a Kobold Enchanter on May 11, 2021.
             Was an Initiate of Makhleb.
             Killed by nerve-wracking pain
             ... invoked by Grinder
              (13 damage)
             ... while paralysed by Grinder
             ... on level 3 of the Dungeon.
             The game lasted 00:23:54 (6284 turns).

voltaire321 the Sneak (Kobold Enchanter)            Turns: 6284, Time: 00:23:55

Health: -6/46      AC:  5    Str:  8    XL:     8   Next: 6%
Magic:  13/13      EV:  3    Int: 16    God:    Makhleb [......]
Gold:   190        SH:  0    Dex: 15    Spells: 6/14 levels left

rFire    + . .     SeeInvis .   a - +1 dagger
rCold    + . .     Faith    .   (shield restricted)
rNeg     . . .     Spirit   .   b - +0 robe
rPois    .         Reflect  +   (no helmet)
rElec    .         Harm     .   g - scarf {rC+ rF+}
rCorr    .         Rampage  .   n - +2 pair of gloves
Will     .....                  (no boots)
Stlth    ++++......             h - amulet of reflection
HPRegen  0.15/turn              (no ring)
MPRegen  0.13/turn              (no ring)

@: paralysed, mighty
A: small, no large weapons, nightstalker 3
a: Renounce Religion


You were on level 3 of the Dungeon.
You worshipped Makhleb.
Makhleb was noncommittal.
You visited 2 branches of the dungeon, and saw 7 of its levels.

You collected 190 gold pieces.

Inventory:

Hand Weapons
 a - a +1 dagger (weapon)
Armour
 b - a +0 robe (worn)
 g - a scarf of resistance (worn)
 m - a +0 kite shield
 n - a +2 pair of gloves (worn)
Jewellery
 h - an amulet of reflection (around neck)
Scrolls
 f - a scroll of identify
 i - a scroll of teleportation
Potions
 c - 2 potions of ambrosia {unknown}
 d - a potion of curing
 e - a potion of resistance
 j - 3 potions of might
 l - a potion of berserk rage
 o - a potion of lignification {unknown}


   Skills:
 + Level 3.2 Fighting
 - Level 4.0 Short Blades
 + Level 4.5 Dodging
 + Level 6.0 Stealth
 + Level 3.7 Spellcasting
 + Level 4.4 Hexes
 + Level 2.6 Ice Magic
 + Level 0.0 Invocations


You had 6 spell levels left.
You knew the following spells:

 Your Spells              Type           Power      Damage    Failure   Level
a - Ensorcelled Hibernat  Hex/Ice        28%        N/A       6%          2
b - Dazzling Flash        Conj/Hex       20%        N/A       22%         3
c - Tukima's Dance        Hex            17%        N/A       9%          3

Your spell library contained the following spells:

 Spells                   Type           Power      Damage    Failure   Level
 Corona                   Hex            18%        N/A       2%          1
 Confusing Touch          Hex            17%        N/A       9%          3
 Beastly Appendage        Tmut           6%         N/A       17%         1
 Wereblood                Tmut           3%         N/A       26%         2
 Spider Form              Tmut/Pois      1%         N/A       45%         3
 Ice Form                 Ice/Tmut       7%         N/A       69%         4
 Hydra Form               Tmut           1%         N/A       99%         5


Dungeon Overview and Level Annotations

Branches:
Dungeon (6/15)             Temple (1/1) D:6

Altars:
Ashenzari
Cheibriados
Dithmenos
Fedhas
Kikubaaqudgha
Makhleb
Nemelex Xobeh
Qazlal
Ru
Trog
Uskayaw
Vehumet
Wu Jian
The Shining One

Shops:
D:1 *

Annotations:
D:3 Grinder


Innate Abilities, Weirdness & Mutations

You are small and have problems with some larger weapons.
You are completely attuned to the shadows.


Message History

You can move again.
Casting: Ensorcelled Hibernation (safe; 6% risk of failure)
Confirm with . or Enter, or press ? or * to list all spells.
You can't see any susceptible monsters within range! (Use Z to cast anyway.)
You feel very mighty all of a sudden. Grinder gestures at you.
Pain shoots through your body!
* * * LOW HITPOINT WARNING * * *
You feel much better.
Grinder says, "Just stop there for a second..."
Grinder hits you.
You writhe in agony.
You puncture Grinder!
Grinder is moderately wounded.
You barely miss Grinder.
Grinder is moderately wounded.
Grinder gestures at you. Pain shoots through your body!
You hit Grinder.
Grinder is moderately wounded.
Grinder misses you.
You barely miss Grinder.
Grinder is moderately wounded.
Grinder misses you.
You hit Grinder.
Grinder is heavily wounded.
Grinder completely misses you.
You hit Grinder.
Grinder is heavily wounded.
You barely miss Grinder.
Grinder is heavily wounded.
Grinder gestures at you.
You suddenly lose the ability to move!
Grinder hits you.
You writhe in agony.
Grinder hits you!
* * * LOW HITPOINT WARNING * * *
You writhe in agony.
* * * LOW HITPOINT WARNING * * *
Grinder gestures at you. Pain shoots through your body!
You die...

#.....# ##.## #.....### #†#
........####<####
..#.##<.##.......
..#.##..##.....#.#
.....#..##.#.#.#.#
...#.#).##.#...#.#
........##.##..#.############
........##.....5@...........#
.#....#.##.......###..#####.#
.#....#........#.###..#####.#####
...)#######.##....##..##.........
###.## #.##.#..##..##.##.####.
#...# #...........##.##†# #.
#...# #.......###.......# ##
#...# ##.#..#.####.###.## #...#
#............# #.#


You could see Grinder.

Vanquished Creatures
  A water moccasin (D:5)
  2 scorpions
  A bullfrog zombie (D:5)
  3 hounds
  2 jellies
  3 orc priests
  3 orc wizards
  A killer bee zombie (D:6)
  A gnoll (D:1)
  6 adders
  An ufetubus (D:6)
  2 worms
  4 dart slugs
  10 orcs
  7 endoplasms
  6 goblins
  6 hobgoblins
  2 jackals (D:3)
  3 quokkas
  8 ball pythons
  A bat (D:3)
  2 frilled lizards (D:1)
  4 kobolds
  14 rats
93 creatures vanquished.

Notes
Turn   | Place    | Note
-------+----------+-------------------------------------------
     0 | D:1      | voltaire321 the Kobold Enchanter began the quest for the
                  | Orb.
     0 | D:1      | Reached XP level 1. HP: 10/10 MP: 3/3
    37 | D:1      | Reached XP level 2. HP: 16/16 MP: 5/5
    57 | D:1      | Found a faded altar of an unknown god.
   267 | D:1      | Reached XP level 3. HP: 20/20 MP: 6/6
   296 | D:1      | Reached skill level 1 in Fighting
   356 | D:1      | Learned a level 2 spell: Ensorcelled Hibernation
   704 | D:1      | Found Usiwn's General Store.
   718 | D:1      | Learned a level 3 spell: Dazzling Flash
  1346 | D:2      | Reached XP level 4. HP: 25/25 MP: 7/7
  2007 | D:3      | Reached skill level 1 in Ice Magic
  2007 | D:3      | Reached XP level 5. HP: 29/29 MP: 7/9
  2559 | D:3      | Noticed Grinder
  2563 | D:3      | Paralysed by Grinder for 6 turns
  3800 | D:4      | Reached XP level 6. HP: 35/35 MP: 5/10
  3926 | D:4      | Reached skill level 5 in Stealth
  4321 | D:5      | Entered Level 5 of the Dungeon
  4329 | D:5      | Learned a level 3 spell: Tukima's Dance
  4382 | D:5      | Reached XP level 7. HP: 20/40 MP: 8/11
  4923 | D:5      | Noticed a water moccasin
  4928 | D:5      | Killed a water moccasin
  5436 | D:6      | Found a sacrificial altar of Ru.
  5569 | D:6      | Found a staircase to the Ecumenical Temple.
  5576 | Temple   | Entered the Ecumenical Temple
  5714 | Temple   | Became a worshipper of Makhleb the Destroyer
  5828 | D:6      | Reached skill level 6 in Stealth
  5853 | D:6      | Reached XP level 8. HP: 46/46 MP: 13/13
  6267 | D:3      | Paralysed by Grinder for 4 turns
  6281 | D:3      | Paralysed by Grinder for 5 turns
  6284 | D:3      | Killed from afar by Grinder

Illustrated notes

Levels and vault maps discovered:
D:1:      dpeg_arrival_pond, layout_loops_ring, shapermc_ecumenical_altar_gd,
          serial_shops, nicolae_shop_behind_doors
D:2:      layout_loops_ring, minmay_pentomino_t2
D:3:      layout_loops_cross, uniq_grinder
D:4:      layout_basic
D:5:      layout_loops_ring, minmay_misc_feat_encased
D:6:      layout_layer_cave, okawaru_metal_pillars_3,
          nicolae_ru_sacrificial_ziggurat, minmay_temple_entry_proselytizer
Temple:   nicolae_temple_figure_eight

Skill      XL: |  1  2  3  4  5  6  7 |
---------------+----------------------+-----
Fighting       | 1 2 3 |  3.2
Short Blades   | 2 3 4 |  4.0
Dodging        | 3 4 |  4.5
Ice Magic      | 1 2 |  2.6
Stealth        | 5 6 |  6.0
Spellcasting   | 3 |  3.7
Hexes          | 4 |  4.4

Action                   |  1- 3 |  4- 6 |  7- 9 || total
-------------------------+-------+-------+-------++-------
Melee: Dagger            |    64 |   122 |    63 ||   249
 Cast: Corona            |    13 |       |       ||    13
       Ensorcelled Hiber |     3 |    22 |     8 ||    33
       Dazzling Flash    |       |     1 |       ||     1
  Use: Scroll            |       |     9 |     3 ||    12
       Potion            |       |     2 |     2 ||     4
 Stab: Sleeping          |    18 |    41 |     9 ||    68
       Distracted        |       |     1 |       ||     1
Armor: Robe              |     5 |     4 |    12 ||    21
Dodge: Dodged            |    36 |    80 |    65 ||   181
Block: Other             |       |       |    15 ||    15

Table legend: (Time is in decaauts)
 A = Elapsed time spent in this place.
 B = Non-inter-level travel time spent in this place.
 C = Inter-level travel time spent in this place.
 D = Time resting spent in this place.
 E = Time spent auto-exploring this place.
 F = Levels seen in this place.
 G = Mean time per level.
                   A        B        C        D        E       F      G
               +--------+--------+--------+--------+--------+-----+--------+
         Total |   6235 |   6082 |    153 |   1703 |   2973 |   7 |  890.7 |
       Dungeon |   6019 |   5866 |    153 |   1703 |   2792 |   6 | 1003.2 |
        Temple |    215 |    215 |      0 |      0 |    181 |   1 |  215.0 |
               +--------+--------+--------+--------+--------+-----+--------+

Top non-repeatable levels by time:
     D:3: 1356 daAuts
     D:2: 1155 daAuts
     D:1: 1142 daAuts
     D:5: 1103 daAuts
     D:4: 763 daAuts
     D:6: 498 daAuts
  Temple: 215 daAuts
